 Dungeon Crawl Stone Soup version 0.28.0-53-g5a82cb258f (webtiles) character file.

Game seed: 3303584772357495295

161 Gabide the Charlatan (level 5, -3/42 HPs)
             Began as a Draconian Artificer on Aug 21, 2022.
             Slain by Grinder (6 damage)
             ... on level 4 of the Dungeon.
             The game lasted 00:10:03 (3731 turns).

Gabide the Charlatan (Draconian Artificer)          Turns: 3731, Time: 00:10:03

Health: -3/42      AC:  5    Str: 14    XL:     5   Next: 19%
Magic:  5/5        EV: 13    Int: 11    God:
Gold:   91         SH:  0    Dex: 14    Spells: 4/4 levels left

rFire   . . .      SeeInvis .   m - +0 dagger (elec)
rCold   . . .      Faith    .   (no shield)
rNeg    . . .      Spirit   .   (armour unavailable)
rPois   .          Reflect  .   (helmet restricted)
rElec   .          Harm     .   (no cloak)
rCorr   .          Rampage  .   (no gloves)
Will    .....                   (no boots)
Stlth   ++........              q - amulet of the acrobat
HPRegen 0.14/turn               (no ring)
MPRegen 0.09/turn               (no ring)

@: hasted, very quick
A: AC +5, unfitting armour, cold-blooded
a: no special abilities


You were on level 4 of the Dungeon.
You visited 1 branch of the dungeon, and saw 4 of its levels.

You collected 91 gold pieces.

Inventory:

Hand Weapons
 f - a +0 spear
 i - a +0 dire flail
 m - a +0 dagger of electrocution (weapon)
Missiles
 j - 2 atropa-tipped darts
 p - 7 poisoned darts
Jewellery
 h - a ring of fire
 q - an amulet of the acrobat (around neck)
Wands
 b - a wand of flame (6) (quivered)
 c - a wand of charming (13)
Scrolls
 a - a scroll of fear {unknown}
 g - a scroll of silence {unknown}
 n - a scroll of blinking {unknown}
 r - a scroll of immolation {unknown}
 s - a scroll of fog {unknown}
 t - a scroll of identify
 u - a scroll of holy word {unknown}
Potions
 e - 2 potions of attraction
 k - a potion of curing
 l - a potion of haste
 o - a potion of flight {unknown}
Miscellaneous
 d - a piece from Xom's chessboard (13/15)


   Skills:
 + Level 2.6 Fighting
 + Level 1.3 Short Blades
 - Level 2.0 Maces & Flails
 - Level 3.0 Dodging
 - Level 1.0 Stealth
 - Level 4.0 Evocations


You had 4 spell levels left.
You didn't know any spells.
Your spell library contained the following spells:

 Spells                   Type           Power      Damage    Failure   Level
 Beastly Appendage        Tmut           0%         N/A       34%         1
 Wereblood                Tmut           0%         N/A       47%         2
 Spider Form              Tmut/Pois      0%         N/A       71%         3


Dungeon Overview and Level Annotations

Branches:
Dungeon (4/15)
 Temple: D:4-7

Altars:
Elyvilon

Shops:
D:1 =   D:4 :

Annotations:
D:4 Grinder


Innate Abilities, Weirdness & Mutations

Your plain brown scales are hard. (AC +5)
You cannot fit into any form of body armour.
You are cold-blooded and may be slowed by cold attacks.


Message History

Grinder is moderately wounded.
Grinder hits you.
* * * LOW HITPOINT WARNING * * *
Aiming: Throw Flame
Press: ? - help, Shift-Dir - straight line, f/p - Grinder
Aim: Grinder (moderately wounded, slow, 68% to hit)
The puff of flame hits Grinder.
Grinder is heavily wounded.
You feel yourself speed up. Grinder closely misses you.
Okay, then.
That's the wrong kind of item! (Use * to select it.) Fire/throw which item? (* to show all) (? for menu, Esc to quit)
Okay, then.
That's the wrong kind of item! (Use * to select it.) Fire/throw which item? (* to show all) (? for menu, Esc to quit)
Okay, then.
Throw: 4 darts (atropa)
Press: ? - help, Shift-Dir - straight line, f/p - Grinder
Aim: Grinder (heavily wounded, slow, 55% to hit, chance to blind on hit: 3%)
You throw an atropa-tipped dart.
The atropa-tipped dart completely misses Grinder.
That's the wrong kind of item! (Use * to select it.) Fire/throw which item? (* to show all) (? for menu, Esc to quit)
Okay, then.
Throw: 3 darts (atropa)
Press: ? - help, Shift-Dir - straight line, f/p - Grinder
Aim: Grinder (heavily wounded, slow, 55% to hit, chance to blind on hit: 3%)
You throw an atropa-tipped dart. The atropa-tipped dart hits Grinder.
Grinder resists.
Grinder is heavily wounded.
You barely miss Grinder.
Your tail-slap misses Grinder.
Grinder is heavily wounded.
You hit Grinder but do no damage.
Grinder is heavily wounded.
You barely miss Grinder.
Grinder is heavily wounded.
Grinder hits you!
* * * LOW HITPOINT WARNING * * *
You writhe in agony.
You die...

#.##)#...##
..(...
#.#..##..#
......
##...###..###
......
....###....>#
#...... ...##
#.###.#
....... +#.#
#.. #>##
##......< +.#
#.# #..# #(†#
### #.
##.####5## ..
####>.#.@.#
#.# ##
#.......###
....
.....####..#
.... .###
##.# .... #.#
.... #.# ....
#.# .... #.#
.... .#


You could see Grinder (slow).

Vanquished Creatures
  A water moccasin zombie (D:4)
  Robin (D:3)
  2 adders (D:3)
  A worm (D:3)
  A dart slug (D:4)
  6 ball pythons
  3 bats
  4 endoplasms
  A giant cockroach (D:1)
  9 goblins
  7 hobgoblins
  5 jackals (D:1)
  6 kobolds
  6 quokkas
  A frilled lizard (D:2)
  8 rats
62 creatures vanquished.

Vanquished Creatures (collateral kills)
  3 goblins (D:3)
  A hobgoblin (D:3)
4 creatures vanquished.

Grand Total: 66 creatures vanquished

Notes
Turn   | Place    | Note
-------+----------+-------------------------------------------
     0 | D:1      | Gabide the Draconian Artificer began the quest for the Orb.
     0 | D:1      | Reached XP level 1. HP: 16/16 MP: 1/1
   124 | D:1      | Reached skill level 1 in Stealth
   292 | D:1      | Reached XP level 2. HP: 23/23 MP: 2/2
   398 | D:1      | Found Larias's Jewellery Shoppe.
  1370 | D:2      | Reached XP level 3. HP: 28/29 MP: 3/3
  2525 | D:3      | Noticed Robin
  2574 | D:3      | Killed Robin
  2693 | D:3      | Reached skill level 4 in Evocations
  2693 | D:3      | Reached XP level 4. HP: 36/36 MP: 4/4
  2874 | D:3      | Reached skill level 1 in Maces & Flails
  3141 | D:3      | Found a white marble altar of Elyvilon.
  3320 | D:4      | Found Ijedit's Book Emporium.
  3424 | D:4      | Reached skill level 1 in Short Blades
  3424 | D:4      | Reached XP level 5. HP: 10/42 MP: 5/5
  3690 | D:4      | Noticed Grinder
  3731 | D:4      | Slain by Grinder

Illustrated notes

Levels and vault maps discovered:
D:1:      mrwooster_arrival_statue, layout_basic, serial_shops, shop_fountains
D:2:      layout_basic
D:3:      layout_basic, mainiacjoe_overflow_surrounded_room, uniq_robin
D:4:      layout_rooms, xom_butterflies, serial_shops,
          nicolae_shop_overgrown_old_shop, nicolae_shop_behind_doors, shop,
          shop_fountains, minmay_misc_feat_rows, uniq_grinder

Skill      XL: |  1  2  3  4 |
---------------+-------------+-----
Stealth        | 1 |  1.0
Fighting       | 2 |  2.6
Dodging        | 3 |  3.0
Evocations     | 4 |  4.0
Maces & Flails | 2 |  2.0
Short Blades   | 1 |  1.3

Action                   |  1- 3 |  4- 6 || total
-------------------------+-------+-------++-------
Melee: Club              |    82 |       ||    82
       Tailslap          |    23 |     6 ||    29
       Spear             |   131 |    41 ||   172
       Punch             |     1 |     2 ||     3
       Dagger            |       |    43 ||    43
Throw: Dart              |       |     2 ||     2
Evoke: Wand              |     2 |     9 ||    11
       Piece from Xom's  |       |     2 ||     2
  Use: Scroll            |       |     2 ||     2
       Potion            |       |     1 ||     1
 Stab: Sleeping          |     4 |     1 ||     5
       Distracted        |     1 |       ||     1
Armor: Skin              |    72 |    18 ||    90
Dodge: Dodged            |   118 |    49 ||   167
